Map: Romanticide LE

Players

Maru

  • Race: Terran Terran
  • League: Master
  • Spawn Location: 11:00

Armani - Winner!

  • Race: Zerg Zerg
  • League: Master
  • Spawn Location: 5:00

Event: DreamHack SC2 Masters 2020 Winter

VOD

Have the link to the VOD?

Description

Time

  • Played on: Nov. 10, 2020, 8:31 a.m.
  • Length: 15:54

All games in this series

Show
View Real Time Build Order
Export as new Build Order

Maru Terran 

Build Orders: Reaper Expand 

Get SALT Encoding   

  12  0:00  SCV  
  13  0:12  SCV  
  14  0:17  Supply Depot  
  14  0:24  SCV  
  15  0:38  SCV  
  15  0:40  Barracks  
  15  0:42  Refinery  
  16  0:50  SCV  
  17  1:02  SCV  
  18  1:14  SCV  
  19  1:26  Reaper  
  19  1:27  Orbital Command  
  20  1:37  Command Center  
  20  1:48  Supply Depot  
  20  1:52  SCV  
  21  1:58  Marine  
  22  2:04  SCV  
  23  2:11  Factory  
  23  2:16  SCV  
  23  2:20  Barracks Reactor  
  24  2:28  SCV  
  25  2:40  SCV  
  25  2:41  Command Center  
  26  2:50  Orbital Command  
  26  2:53  SCV  
  27  3:01  Hellion x2  
  27  3:05  SCV, Barracks Tech Lab  
  32  3:15  SCV  
  32  3:17  SCV  
  34  3:23  Hellion x2, Marine  
  34  3:24  Stimpack  
  39  3:28  SCV  
  39  3:29  SCV  
  39  3:32  Supply Depot  
  41  3:40  SCV  
  41  3:41  SCV  
  43  3:46  Barracks  
  43  3:52  SCV, Barracks  
  43  3:53  SCV, Factory Reactor  
  43  3:54  Orbital Command  
  45  4:04  SCV  
  45  4:05  SCV  
  45  4:09  Engineering Bay, Refinery  
  47  4:11  Engineering Bay  
  47  4:12  Marine  
  47  4:16  SCV  
  49  4:17  SCV  
  49  4:21  SCV  
  51  4:25  Refinery  
  51  4:28  SCV  
  51  4:29  SCV  
  51  4:30  Marine  
  54  4:33  SCV  
  54  4:35  Starport  
  54  4:38  Factory Reactor  
  55  4:40  SCV  
  55  4:42  Marine x4  
  55  4:44  SCV  
  61  4:47  Marine  
  61  4:52  SCV, Supply Depot  
  62  4:53  Supply Depot  
  62  4:56  SCV, Orbital Command  
  62  4:58  Factory Tech Lab  
  62  5:00  Bunker  
  62  5:03  Terran Infantry Weapons Level 1, Marine x4, Terran Infantry Armor Level 1  
  62  5:05  SCV, Marine  
  68  5:09  SCV  
  68  5:10  Supply Depot  
  68  5:11  Bunker  
  69  5:21  Marine x2  
  68  5:23  Marine x2  
  68  5:26  Orbital Command  
  69  5:34  Orbital Command  
  69  5:37  Supply Depot  
  69  5:38  SCV, Medivac  
  72  5:45  Siege Tank  
  75  5:50  SCV  
  75  5:51  Marine  
  77  5:58  Marine x3  
  77  6:01  SCV x2  
  82  6:11  SCV  
  82  6:13  SCV  
  82  6:16  Barracks  
  82  6:17  Barracks  
  84  6:19  Barracks Tech Lab  
  84  6:25  Supply Depot  
  84  6:26  Supply Depot  
  84  6:29  SCV, Medivac x2  
  84  6:30  SCV x2  
  84  6:31  Refinery  
  84  6:32  Combat Shield  
  91  6:39  Marauder  
  93  6:46  SCV x2, Marine x2  
  99  6:47  Marauder  
  99  6:52  Concussive Shells  
  99  6:53  SCV  
  100  6:57  Supply Depot  
  100  6:59  SCV x2  
  100  7:00  Marauder  
  104  7:04  Marine x2, Siege Tank  
  109  7:09  SCV, Marauder  
  109  7:11  SCV x2  
  107  7:20  Supply Depot  
  107  7:21  Barracks Reactor x2  
  107  7:22  SCV  
  108  7:23  SCV x2, Supply Depot  
  108  7:25  Supply Depot, Refinery, Marine  
  108  7:26  Refinery, Marauder  
  113  7:33  Armory  
  113  7:34  SCV  
  113  7:35  SCV x2, Supply Depot  
  116  7:41  Medivac, Command Center  
  118  7:46  SCV, Siege Tank  
  118  7:47  SCV x2  
  124  7:52  Marine x2  
  124  7:53  Marauder x2  
  124  7:58  SCV  
  131  7:59  SCV, Medivac  
  131  8:01  SCV  
  125  8:09  Marine x3  
  125  8:10  SCV  
  125  8:11  SCV  
  128  8:13  Supply Depot  
  128  8:14  Marauder x2  
  128  8:16  Medivac  
  128  8:19  Marine  
  135  8:20  Marine x2  
  135  8:25  Siege Tank  
  140  8:30  Factory  
  140  8:34  Medivac  
  142  8:35  Marauder  
  142  8:36  Drilling Claws, Marauder  
  142  8:40  Supply Depot  
  146  8:42  Supply Depot  
  146  8:44  Barracks x2  
  146  8:45  Barracks  
  146  8:46  Marine x3  
  149  8:48  Terran Infantry Weapons Level 2  
  149  8:54  Marine x3  
  152  8:56  Marine  
  152  9:01  Marine  
  153  9:04  Missile Turret x2, Marine x3  
  153  9:07  Missile Turret  
  153  9:09  Terran Infantry Armor Level 2  
  156  9:15  SCV x2  
  154  9:24  Thor  
  153  9:25  Factory Reactor  
  153  9:26  SCV  
  153  9:27  SCV x2, Medivac  
  156  9:37  Missile Turret  
  156  9:38  SCV  
  156  9:39  SCV x2, Missile Turret  
  156  9:40  Missile Turret  
  156  9:44  Missile Turret  
  159  9:45  Missile Turret  
  159  9:46  Missile Turret  
  159  9:47  Barracks Reactor, Barracks Tech Lab x2  
  159  9:53  Terran Vehicle And Ship Armor Level 1  
  159  9:54  SCV x2  
  159  9:55  Supply Depot  
  159  9:56  SCV  
  162  10:00  Planetary Fortress  
  162  10:03  Medivac x2  
  162  10:05  Marine x3  
  162  10:06  Marauder x2  
  171  10:13  Thor  
  179  10:14  Widow Mine x2  
  179  10:20  Supply Depot  
  179  10:21  Missile Turret, Sensor Tower  
  181  10:23  Missile Turret  
  181  10:24  Missile Turret  
  181  10:34  Marauder x2, Marine  
  181  10:35  Marauder x2  
  189  10:38  Medivac x2  
  192  10:46  Sensor Tower  
  164  10:53  SCV  
  164  10:54  SCV, Marine x2  
  164  10:56  Marauder x2  
  148  10:57  Marauder, Marine x3  
  148  10:58  Marauder  
  148  11:01  Marine  
  148  11:03  SCV  
  157  11:06  SCV x2  
  159  11:15  SCV  
  159  11:16  Thor  
  159  11:17  Marauder x2, Widow Mine x2  
  159  11:18  SCV x2  
  176  11:19  Marauder x2  
  178  11:27  Marine x3  
  178  11:28  Marine x2  
  183  11:38  Marauder  
  183  11:39  Marauder  
  187  11:41  Terran Infantry Weapons Level 3, Marine  
  187  11:42  Marauder x2  
  192  11:49  Command Center  
  192  11:51  Widow Mine x2  
  196  11:57  Terran Infantry Armor Level 3  
  192  12:04  Marauder x2, Marine x2  
  198  12:12  Marauder  
  197  12:21  Medivac x2  
  181  12:24  Marauder, Marine x3  
  181  12:26  Marauder  
  181  12:27  SCV x3  
  181  12:28  SCV  
  170  12:39  SCV x3  
  170  12:40  SCV  
  173  12:49  Widow Mine x3  
  180  12:51  SCV x3  
  180  12:52  SCV  
  183  13:00  Marine x4  
  183  13:01  Barracks Reactor  
  183  13:02  Marauder x2, Marine x2  
  183  13:03  SCV x3, Marauder  
  198  13:09  Ghost Academy  
  198  13:10  SCV  
  199  13:15  SCV  
  200  13:24  Sensor Tower  
  192  13:35  Marauder x3, Marine x2  
  200  13:48  Orbital Command  
  200  13:52  Command Center  
  200  13:59  Sensor Tower  
  199  14:04  Marauder, Marine  
  199  14:06  Marauder, Marine x2  
  199  14:07  Marauder  
  177  14:13  Marauder, Marine x2  
  177  14:14  Marine x2  
  137  14:21  Marine  
  137  14:22  Marine  
  137  14:24  Marine x2  
  121  14:26  Marauder, Widow Mine x2  
  121  14:28  Marauder x2  
  121  14:30  Marine  
  121  14:31  Marine  
  135  14:35  Marauder, Widow Mine  
  135  14:36  Marine x2  
  141  14:44  SCV x3, Marine  
  145  14:47  Marauder, Widow Mine x2  
  145  14:49  Marauder  
  145  14:51  Marauder  
  155  14:52  Liberator  
  155  14:56  SCV  
  155  14:57  Widow Mine  
  161  15:02  Marine  
  161  15:03  Marauder  
  161  15:04  Marine x3  
  167  15:08  Widow Mine  
  167  15:09  Marauder  
  167  15:10  Liberator  
  167  15:11  Marauder, Widow Mine  
  167  15:12  Marauder  
  180  15:18  Widow Mine  
  180  15:19  Marine x2  
  144  15:22  Marine x2  
  144  15:24  Marauder  
  115  15:29  Marine  
  115  15:30  Marauder  
  115  15:32  Marauder  
Show
View Real Time Build Order
Export as new Build Order

Armani Zerg - Winner!

Build Orders: Hatch First, Muta Ling Bane 

Get SALT Encoding   

  12  0:00  Drone  
  13  0:13  Overlord  
  13  0:17  Drone  
  14  0:32  Drone x2  
  16  0:48  Hatchery  
  15  0:51  Drone  
  15  0:54  Drone  
  17  0:58  Drone  
  18  1:08  Extractor  
  17  1:13  Spawning Pool  
  17  1:18  Drone  
  17  1:21  Drone  
  18  1:29  Drone  
  19  1:39  Drone  
  20  1:50  Drone  
  21  2:00  Queen x2  
  25  2:01  Zergling x4  
  27  2:13  Metabolic Boost  
  27  2:14  Overlord  
  27  2:17  Drone  
  28  2:29  Hatchery  
  27  2:32  Drone  
  27  2:34  Drone  
  27  2:36  Drone  
  30  2:43  Drone x2  
  32  2:49  Queen  
  34  2:53  Drone  
  34  2:58  Overlord  
  35  3:01  Drone  
  36  3:17  Drone x6  
  42  3:23  Extractor  
  42  3:24  Roach Warren  
  42  3:25  Drone  
  41  3:28  Overlord  
  41  3:41  Queen  
  41  3:43  Zergling x6  
  41  3:46  Overlord  
  45  3:49  Overlord  
  45  3:50  Drone x2  
  47  4:09  Roach x6  
  59  4:11  Roach  
  59  4:13  Roach  
  59  4:16  Roach  
  65  4:19  Overlord  
  65  4:21  Drone  
  65  4:23  Drone  
  67  4:31  Drone x3  
  69  4:35  Overlord  
  70  4:41  Drone x4  
  74  4:46  Lair  
  74  4:49  Extractor  
  74  4:50  Drone x3  
  76  4:53  Drone x2  
  78  5:00  Drone x2  
  78  5:01  Drone  
  78  5:02  Ravager  
  78  5:03  Ravager  
  78  5:04  Drone x3  
  86  5:07  Overlord  
  86  5:09  Ravager  
  86  5:12  Drone x2  
  89  5:18  Overlord  
  89  5:19  Drone  
  89  5:21  Overlord  
  90  5:24  Overlord  
  90  5:25  Queen  
  90  5:28  Drone  
  93  5:29  Drone  
  93  5:31  Drone  
  93  5:33  Drone x3  
  93  5:35  Drone  
  97  5:38  Evolution Chamber  
  97  5:39  Drone x4  
  100  5:44  Evolution Chamber  
  100  5:45  Drone  
  100  5:47  Drone  
  102  5:50  Drone x2, Extractor x2  
  102  5:52  Extractor  
  102  5:55  Spore Crawler  
  102  5:56  Drone  
  100  6:00  Zergling x2, Spore Crawler  
  100  6:02  Ravager x2  
  100  6:03  Ravager x3  
  105  6:04  Drone, Baneling Nest  
  105  6:11  Zergling x6  
  105  6:17  Hatchery, Overlord  
  105  6:18  Overlord  
  107  6:19  Zergling x10  
  107  6:23  Zerg Ground Armor Level 1  
  112  6:25  Drone  
  112  6:26  Drone  
  112  6:27  Overlord  
  112  6:29  Overlord  
  112  6:32  Zerg Melee Weapons Level 1  
  114  6:34  Overlord  
  114  6:35  Overlord  
  114  6:40  Overlord  
  113  6:49  Spire  
  113  6:50  Zergling x16  
  120  7:05  Evolution Chamber  
  119  7:09  Drone x4  
  119  7:10  Drone  
  119  7:13  Centrifical Hooks  
  121  7:16  Drone x7  
  128  7:28  Hatchery, Drone x2  
  129  7:31  Queen  
  131  7:38  Drone  
  131  7:39  Drone  
  131  7:40  Drone x2  
  131  7:41  Drone  
  131  7:42  Extractor  
  131  7:43  Extractor  
  131  7:44  Drone x4  
  137  7:47  Overlord  
  137  7:48  Zergling x16  
  122  8:11  Mutalisk x11  
  140  8:13  Zerg Flyer Weapons Level 1  
  140  8:17  Zergling x16  
  140  8:18  Drone  
  149  8:24  Zerg Ground Armor Level 2  
  149  8:25  Drone  
  149  8:26  Drone x3  
  151  8:28  Drone x2  
  151  8:31  Zerg Melee Weapons Level 2  
  151  8:34  Zergling x4  
  155  8:35  Pneumatized Carapace  
  155  8:36  Overseer  
  155  8:41  Zergling x10  
  157  8:47  Baneling x9  
  159  8:48  Baneling  
  159  8:53  Mutalisk  
  159  8:54  Overlord x2  
  159  9:01  Mutalisk  
  159  9:02  Mutalisk  
  158  9:04  Hatchery  
  158  9:06  Drone  
  158  9:31  Infestation Pit, Mutalisk x4  
  158  9:33  Zergling x38  
  184  9:40  Baneling x13  
  184  9:43  Drone x3  
  184  9:44  Drone  
  184  9:45  Drone x5  
  193  9:47  Overlord  
  193  9:50  Baneling x9  
  193  9:52  Overlord, Drone x2  
  195  9:56  Overseer  
  195  9:58  Overseer x2  
  195  10:06  Zerg Flyer Weapons Level 2  
  195  10:12  Zergling x2  
  195  10:13  Zergling x12  
  200  10:14  Hive  
  199  10:24  Baneling x2  
  199  10:25  Baneling x9  
  199  10:29  Hatchery  
  199  10:32  Zergling x12  
  138  11:00  Zergling x56  
  138  11:01  Zergling x2  
  164  11:06  Spine Crawler  
  164  11:07  Spine Crawler  
  164  11:08  Spore Crawler  
  164  11:11  Baneling x13  
  161  11:12  Mutalisk x7  
  175  11:19  Baneling x6  
  175  11:20  Zergling x14  
  182  11:31  Zergling x20  
  192  11:35  Zerg Ground Armor Level 3  
  192  11:44  Zerg Melee Weapons Level 3  
  192  11:48  Baneling x6  
  192  12:00  Zergling x12  
  192  12:01  Zergling x16  
  200  12:02  Overlord  
  198  12:11  Ultralisk Cavern  
  191  12:22  Zergling x24  
  194  12:23  Zergling x12  
  179  12:57  Chitinous Plating  
  179  12:58  Ultralisk  
  179  12:59  Ultralisk x2  
  179  13:03  Hatchery  
  200  13:05  Ultralisk  
  200  13:06  Baneling x5  
  200  13:07  Baneling x11  
  198  13:14  Zergling x4  
  198  13:18  Adrenal Glands  
  187  13:31  Overseer, Extractor  
  187  13:33  Ultralisk  
  187  13:34  Zergling x14  
  199  13:36  Baneling x7  
  199  13:43  Baneling x7  
  199  13:53  Baneling  
  199  13:54  Baneling x6  
  181  14:16  Anabolic Synthesis  
  155  14:22  Ultralisk x3  
  145  14:26  Zergling x68  
  145  14:27  Zergling x16  
  182  14:31  Queen  
  182  14:33  Zergling x2  
  182  14:35  Drone x3  
  182  14:36  Spore Crawler, Drone x2  
  182  14:37  Spine Crawler  
  182  14:38  Spine Crawler  
  187  14:40  Overseer  
  187  14:43  Ultralisk x2  
  187  14:44  Baneling  
  187  14:45  Baneling x3  
  199  14:49  Baneling x4  
  199  14:50  Zergling x2  
  200  14:56  Baneling x7  
  199  15:05  Baneling x10  
  199  15:06  Zergling x10  
  196  15:20  Zergling x2  
  196  15:21  Zergling x50  
  183  15:22  Zergling x4  
  183  15:23  Overseer  
  183  15:24  Overseer x2  
  191  15:28  Overlord  
  191  15:29  Overlord  
Tags
 
Add a new tag
Caveats
  • Supply blocks, unpowered buildings, or Contaminate may cause inaccurate times.
  • Supply counts are checked every 10 seconds.